 Dungeon Crawl Stone Soup version 0.28.0-47-ge53b351184 (webtiles) character file.

Game seed: 15624556049561424875

229 Mindmass the Chopper (level 5, 0/47 HPs)
             Began as a Minotaur Berserker on May 3, 2022.
             Was a Believer of Trog.
             Slain by Pikel
             ... wielding a +0 whip of freezing
              (2 damage)
             ... on level 4 of the Dungeon.
             The game lasted 00:20:27 (2213 turns).

Mindmass the Chopper (Minotaur Berserker)           Turns: 2213, Time: 00:20:28

Health: 0/47       AC:  5    Str: 24    XL:     5   Next: 71%
Magic:  4/4        EV: 11    Int:  4    God:    Trog [**....]
Gold:   88         SH:  0    Dex:  9    Spells: 4/4 levels left

rFire   . . .      SeeInvis .   a - +0 hand axe
rCold   . . .      Faith    +   (no shield)
rNeg    . . .      Spirit   .   h - +0 ring mail
rPois   .          Reflect  .   (helmet restricted)
rElec   .          Harm     .   (no cloak)
rCorr   .          Rampage  .   (no gloves)
Will    .....                   (no boots)
Stlth   ..........              l - amulet of faith
HPRegen 0.15/turn               (no ring)
MPRegen 0.09/turn               (no ring)

@: on berserk cooldown, slowed, very slow
A: horns 2, retaliatory headbutt
a: Renounce Religion, Berserk, Trog's Hand


You were on level 4 of the Dungeon.
You worshipped Trog.
Trog was pleased with you.
You visited 1 branch of the dungeon, and saw 4 of its levels.

You collected 88 gold pieces.

Inventory:

Hand Weapons
 a - a +0 hand axe (weapon)
Missiles
 i - 28 stones (quivered)
Armour
 b - a +0 animal skin
 h - a +0 ring mail (worn)
 k - a +0 barding
 m - a +0 helmet
Jewellery
 l - an amulet of faith (around neck)
Scrolls
 c - a scroll of enchant armour {unknown}
 d - 4 scrolls of identify {unknown}
 e - a scroll of noise {unknown}
Potions
 f - a potion of curing {unknown}
 g - a potion of resistance {unknown}
 j - 2 potions of mutation {unknown}


   Skills:
 + Level 4.8 Fighting
 + Level 6.3 Axes
 + Level 3.2 Armour
 + Level 3.0 Dodging
 + Level 0.2 Stealth


You had 4 spell levels left.
You didn't know any spells.
Your spell library was empty.

Dungeon Overview and Level Annotations

Branches:
Dungeon (4/15)
 Temple: D:4-7

Altars:

Shops:
D:2 (   D:3 !

Annotations:
D:4 Pikel


Innate Abilities, Weirdness & Mutations

You have a pair of horns on your head.
You reflexively headbutt those who attack you in melee.


Message History

Pikel freezes you.
You slash Pikel!
Pikel is moderately wounded.
Pikel hits you with a +0 whip of freezing.
Pikel freezes you. Pikel hits you but does no damage.
You hit Pikel but do no damage.
Pikel is moderately wounded.
Pikel barely misses you.
You hit Pikel.
Pikel is moderately wounded.
You feel the effects of Trog's Hand fading.
Pikel closely misses you.
Pikel hits you with a +0 whip of freezing!
Pikel freezes you.
You barely miss Pikel.
Pikel is moderately wounded.
Pikel hits you with a +0 whip of freezing.
Pikel freezes you.
You hit Pikel.
Pikel is moderately wounded.
Pikel hits you with a +0 whip of freezing.
Pikel freezes you. Pikel closely misses you.
You hit Pikel.
Pikel is heavily wounded.
Your skin stops crawling.
You feel less strong-willed. Pikel completely misses you.
You barely miss Pikel. You headbutt Pikel, but do no damage.
Pikel is heavily wounded.
Pikel hits you with a +0 whip of freezing!
Pikel freezes you.
Pikel hits you with a +0 whip of freezing!
* * * LOW HITPOINT WARNING * * *
Pikel freezes you.
* * * LOW HITPOINT WARNING * * *
You barely miss Pikel.
Pikel is heavily wounded.
Pikel hits you with a +0 whip of freezing.
* * * LOW HITPOINT WARNING * * *
Pikel freezes you.
You die...

#^# #.# . #.# .. #.#
# ... ## #.#5#..!.
#..##
#######.#5Z.....#...#
........K55.# ...#..#
#@#######..# #..#
#.........# #..#
#######..## #.. #.##
##. #..## ##.. ##..##
##..# ##..###..##
##..#..## ##...##


You could see Pikel, 4 lemures and a hound skeleton.

Vanquished Creatures
  A black bear (D:4)
  A hound (D:4)
  A gnoll (D:1)
  6 adders
  A worm (D:2)
  2 dart slugs (D:2)
  2 ball pythons
  4 bats
  5 endoplasms
  3 giant cockroaches (D:1)
  8 goblins
  4 hobgoblins
  2 jackals (D:2)
  2 frilled lizards (D:2)
  A kobold (D:1)
  A rat (D:1)
44 creatures vanquished.

Notes
Turn   | Place    | Note
-------+----------+-------------------------------------------
     0 | D:1      | Mindmass the Minotaur Berserker began the quest for the
                  | Orb.
     0 | D:1      | Reached XP level 1. HP: 19/19 MP: 0/0
     1 | D:1      | Found a faded altar of an unknown god.
   152 | D:1      | Reached XP level 2. HP: 27/27 MP: 1/1
   229 | D:1      | Reached skill level 4 in Axes
   792 | D:1      | Reached XP level 3. HP: 33/33 MP: 2/2
  1227 | D:2      | Reached ** piety under Trog
  1329 | D:2      | Found Apisi's Antique Weapon Boutique.
  1446 | D:2      | Reached skill level 5 in Axes
  1446 | D:2      | Reached XP level 4. HP: 41/41 MP: 3/3
  1978 | D:3      | Found Cyacze's Distillery.
  1991 | D:4      | Noticed a black bear
  2012 | D:4      | Killed a black bear
  2013 | D:4      | Reached XP level 5. HP: 47/47 MP: 4/4
  2027 | D:4      | Reached skill level 6 in Axes
  2202 | D:4      | Noticed Pikel
  2202 | D:4      | Noticed a lemure
  2202 | D:4      | Noticed a lemure
  2202 | D:4      | Noticed a lemure
  2202 | D:4      | Noticed a lemure
  2213 | D:4      | HP: 2/47 [Pikel/+0 whip of freezing (6)]
  2213 | D:4      | Slain by Pikel

Illustrated notes

Levels and vault maps discovered:
D:1:      lightli_arrival_chessboard, layout_loops_cross,
          shapermc_ecumenical_altar_mp_highgroup, minmay_surrounded
D:2:      layout_basic, serial_shops, nicolae_shop_advertising_works
          [nicolae_subvault_shop_adworks]
D:3:      layout_loops_cross, serial_shops, nicolae_shop_trees, uniq_robin,
          uniq_grinder
D:4:      layout_basic, nemelex_diamond_rough_becter, enter_ossuary_2,
          serial_shops, kennysheep_little_box, uniq_pikel

Skill      XL: |  1  2  3  4  5 |
---------------+----------------+-----
Fighting       | 4 |  4.8
Axes           | 4 5 6 |  6.3
Armour         | 3 |  3.2
Dodging        | 3 |  3.0
Stealth        | |  0.2

Action                   |  1- 3 |  4- 6 || total
-------------------------+-------+-------++-------
Melee: Hand axe          |    81 |    48 ||   129
       Headbutt          |    14 |     6 ||    20
Invok: Berserk           |     1 |     2 ||     3
       Trog's Hand       |       |     2 ||     2
Armor: Animal skin       |     7 |       ||     7
       Ring mail         |    14 |    17 ||    31
Dodge: Dodged            |    41 |    31 ||    72
